 Dungeon Crawl Stone Soup version 0.30-a0-373-gd37427bb62 (webtiles) character file.

Game seed: 12935600626425432501

131 greenreed the Shooter (level 5, -3/31 HPs)
             Began as a Kobold Hexslinger on Nov 24, 2022.
             Killed by divine providence
             ... invoked by an orc priest
              (12 damage)
             ... on level 2 of the Dungeon.
             The game lasted 00:04:31 (1592 turns).

greenreed the Shooter (Kobold Hexslinger)           Turns: 1592, Time: 00:04:32

Health: -3/31      AC:  3    Str:  7    XL:     5   Next: 37%
Magic:  5/6        EV: 15    Int: 20    God:
Gold:   54         SH:  0    Dex: 18    Spells: 5/6 levels left

rFire   . . .      SeeInvis .    a - +1 sling
rCold   . . .      Faith    .    (no shield)
rNeg    . . .      Spirit   .    c - +0 robe
rPois   .          Reflect  .    e - +0 helmet
rElec   .          Harm     .    (no cloak)
rCorr   .          Rampage  .    (no gloves)
Will    .....                    (no boots)
Stlth   +++.......               (no amulet)
HPRegen 0.25/turn                o - +6 ring of intelligence
MPRegen 0.10/turn                (no ring)

@: no status effects
A: small, no large weapons, nightstalker 3
a: no special abilities


You were on level 2 of the Dungeon.
You visited 1 branch of the dungeon, and saw 3 of its levels.

You collected 54 gold pieces.

Inventory:

Hand Weapons
 a - a +1 sling (weapon)
Armour
 c - a +0 robe (worn)
 e - a +0 helmet (worn)
Jewellery
 o - a +6 ring of intelligence (left hand)
Scrolls
 b - 2 scrolls of poison
 d - 3 scrolls of identify {unknown}
 g - a scroll of enchant weapon {unknown}
 n - a scroll of magic mapping {unknown}
 p - 3 scrolls of fear {unknown}
 q - a scroll of torment {unknown}
 r - 3 scrolls of teleportation {unknown}
Potions
 h - a potion of ambrosia {unknown}
 i - a potion of heal wounds {unknown}
 j - 5 potions of curing {unknown}
 k - a potion of mutation {unknown}
 l - 2 potions of lignification {unknown}
 m - a potion of haste {unknown}


   Skills:
 + Level 2.6 Fighting
 * Level 5.5 Ranged Weapons
 + Level 2.6 Dodging
 * Level 1.7 Stealth
 + Level 1.1 Spellcasting
 + Level 3.1 Hexes


You had 5 spell levels left.
You knew the following spells:

 Your Spells              Type           Power      Damage    Failure   Level
a - Slow                  Hex            52%        N/A       4%          1

Your spell library contained the following spells:

 Spells                   Type           Power      Damage    Failure   Level
 Confusing Touch          Hex            13%        N/A       14%         3
 Kiss of Death            Conj/Necr      4%         2d5       17%         1
 Necrotise                Necr           4%         1d4       17%         1
 Inner Flame              Hex/Fire       7%         N/A       26%         3
 Portal Projectile        Hex/Tloc       14%        N/A       26%         3
 Cause Fear               Hex            6%         N/A       43%         4
 Ozocubu's Armour         Ice            1%         N/A       45%         3
 Vampiric Draining        Necr           1%         2d6       45%         3
 Dispel Undead            Necr           1%         3d6       86%         4
 Agony                    Necr           1%         N/A       99%         5
 Ozocubu's Refrigeration  Ice            0%         4d7       100%        7


Dungeon Overview and Level Annotations

Branches:
Dungeon (3/15)

Altars:

Annotations:
D:2 1 runed translucent door, Crazy Yiuf, Sigmund


Innate Abilities, Weirdness & Mutations

You are small and have problems with some larger weapons.
You are completely attuned to the shadows.


Message History

You shoot a sling bullet.
The sling bullet closely misses the orc.
The sling bullet hits the orc.
The orc is heavily wounded.
The orc hits you but does no damage.
You shoot a sling bullet. The sling bullet barely misses the orc.
The sling bullet hits the orc!
You kill the orc!
The orc hits you with a +0 club.
You shoot a sling bullet.
The sling bullet closely misses the orc.
The sling bullet hits the orc priest.
The orc priest is heavily wounded.
The orc completely misses you.
You shoot a sling bullet.
The sling bullet completely misses the orc.
The sling bullet hits the orc priest but does no damage.
The orc priest is heavily wounded.
The orc hits you with a +0 club.
You shoot a sling bullet. The sling bullet hits the orc.
The orc is heavily wounded.
The orc barely misses you.
You shoot a sling bullet. The sling bullet barely misses the orc.
The sling bullet hits the orc priest!
The orc priest is almost dead.
The orc priest is no longer moving slowly.
The orc hits you with a +0 club.
You shoot a sling bullet. The sling bullet hits the orc.
The orc is almost dead.
The orc misses you.
You shoot a sling bullet.
The sling bullet hits the orc but does no damage.
The orc is almost dead.
The orc priest mumbles some strange prayers to Beogh against you.
Beogh smites you!
* * * LOW HITPOINT WARNING * * *
The orc closely misses you.
The orc priest calls down the wrath of Beogh upon you.
Beogh smites you!
You die...

###.........# #......#
.##.........# #......#
..†.........# ####......# #
###...#.##### ###.........#
#### # #.###.#
##...##....).####... ♣ ###
#.######..########.......##
♣
#.##.....##........#######
♣ #.##.######.#####.....# #
♣ ##.##.#..oo@.# #.....#
### ♣ #..#>...######
#.....# #.. ####.....###
#.....###.# #.##..##.#
#.....##...
#.#......#########
#.....##..#
#.....#####......#
##.####...# #...###
#......## #.###..#.# #...#
#.......####{....##.. #..##
####.#####.#)....####..#


You could see an orc priest and an orc.

Vanquished Creatures
  Natasha (thrice) (D:2)
  2 adders (D:2)
  2 dart slugs
  2 orcs
  2 endoplasms
  2 giant cockroaches
  4 goblins (D:1)
  3 hobgoblins (D:1)
  2 quokkas (D:1)
  2 ball pythons (D:1)
  4 bats (D:1)
  3 frilled lizards (D:1)
  4 kobolds
  2 rats (D:1)
37 creatures vanquished.

Notes
Turn   | Place    | Note
-------+----------+-------------------------------------------
     0 | D:1      | greenreed the Kobold Hexslinger began the quest for the
                  | Orb.
     0 | D:1      | Reached XP level 1. HP: 12/12 MP: 2/2
    72 | D:1      | Reached skill level 3 in Ranged Weapons
    72 | D:1      | Reached XP level 2. HP: 2/16 MP: 1/3
   338 | D:1      | Reached XP level 3. HP: 19/21 MP: 4/4
   539 | D:1      | Reached skill level 4 in Ranged Weapons
   735 | D:2      | Noticed Sigmund
   809 | D:2      | Noticed Natasha
   814 | D:2      | Killed Natasha
   815 | D:2      | Reached skill level 1 in Stealth
   815 | D:2      | Reached XP level 4. HP: 19/26 MP: 5/5
   965 | D:2      | Reached skill level 5 in Ranged Weapons
  1024 | D:2      | Noticed Natasha
  1034 | D:2      | Killed Natasha
  1035 | D:2      | Reached XP level 5. HP: 15/30 MP: 6/6
  1291 | D:2      | Noticed Natasha
  1308 | D:2      | Killed Natasha
  1321 | D:2      | Found a runed translucent door.
  1324 | D:2      | Noticed Crazy Yiuf
  1592 | D:2      | Killed from afar by an orc priest

Illustrated notes

Levels and vault maps discovered:
D:1:      wander_arrival_estate, layout_rooms
D:2:      layout_rooms, uniq_crazy_yiuf_cottage, uniq_sigmund, uniq_natasha
D:3:      layout_rooms, minitemple, grunt_ministairs_13, mrwooster_statue_mirror

Skill      XL: |  1  2  3  4  5 |
---------------+----------------+-----
Ranged Weapons | 3 4 5 |  5.5
Stealth        | 1 |  1.7
Fighting       | 2 |  2.6
Dodging        | |  2.6
Spellcasting   | |  1.1
Hexes          | |  3.1

Action                   |  1- 3 |  4- 6 || total
-------------------------+-------+-------++-------
 Fire: Sling             |    82 |    57 ||   139
 Cast: Slow              |     1 |     5 ||     6
Armor: Robe              |     2 |     9 ||    11
Dodge: Dodged            |    47 |    40 ||    87

Table legend: (Time is in decaauts)
 A = Elapsed time spent in this place.
 B = Non-inter-level travel time spent in this place.
 C = Inter-level travel time spent in this place.
 D = Time resting spent in this place.
 E = Time spent auto-exploring this place.
 F = Levels seen in this place.
 G = Mean time per level.
                   A        B        C        D        E       F      G
               +--------+--------+--------+--------+--------+-----+--------+
         Total |   1624 |   1602 |     22 |     95 |   1135 |   3 |  541.3 |
       Dungeon |   1624 |   1602 |     22 |     95 |   1135 |   3 |  541.3 |
               +--------+--------+--------+--------+--------+-----+--------+

Top non-repeatable levels by time:
     D:2: 817 daAuts
     D:1: 760 daAuts
     D:3: 46 daAuts
